 Dungeon Crawl Stone Soup version 0.27.1-15-g792fb953b9 (webtiles) character file.

Game seed: 699197511404547892

106029 jjjjhere the Brawler (level 15, -5/145 HPs)
             Began as a Troll Abyssal Knight on Nov 21, 2021.
             Was the Champion of Lugonu.
             Slain by a redback (7 damage)
             ... on level 2 of the Spider Nest.
             The game lasted 01:00:42 (21958 turns).

jjjjhere the Brawler (Troll Abyssal Knight)        Turns: 21958, Time: 01:00:42

Health: -5/145     AC: 11    Str: 24    XL:     15   Next: 96%
Magic:  21/21      EV:  9    Int:  8    God:    Lugonu [******]
Gold:   563        SH: 20    Dex: 19    Spells: 14/14 levels left

rFire    + + .     SeeInvis .     - Unarmed
rCold    . . .     Faith    +   l - +0 tower shield
rNeg     + . .     Spirit   .   z - +0 troll leather armour
rPois    +         Reflect  .   (helmet restricted)
rElec    .         Harm     .   d - +2 cloak
rCorr    .         Rampage  .   (gloves unavailable)
Will     +....                  (boots unavailable)
Stlth    +.........             m - amulet of faith
HPRegen  2.34/turn              L - ring "Zidif" {rPois rF+ rN+ Dex+5}
MPRegen  0.17/turn              s - +4 ring of slaying

@: no status effects
A: large, unfitting armour, claws 3, regeneration 1, shaggy fur 1, tough skin 1,
iridescent scales 1, fire resistance 1
a: Renounce Religion, Depart the Abyss, Bend Space, Banish, Corrupt, Enter the
Abyss, Brand Weapon With Distortion


You were on level 2 of the Spider Nest.
You worshipped Lugonu.
Lugonu was exalted by your worship.
You visited 4 branches of the dungeon, and saw 24 of its levels.
You visited the Abyss 1 time.
You also visited: Gauntlet and Volcano.

You collected 2494 gold pieces.
You spent 1931 gold pieces at shops.

Inventory:

Missiles
 x - a throwing net
 B - 14 poisoned darts (quivered)
 D - 2 curare-tipped darts
Armour
 d - a +2 cloak (worn)
 l - a +0 tower shield (worn)
 z - a +0 troll leather armour (worn)
Jewellery
 b - the ring of Rifail {rF+ rCorr Str+2 Dex-5}
   (You found it on level 5 of the Dungeon)

   [ring of resist corrosion]

   Str:       It affects your strength (+2).
   Dex:       It affects your dexterity (-5).
   rF:        It protects you from fire.
   rCorr:     It protects you from acid and corrosion.
 m - an amulet of faith (around neck)
 n - a ring of flight
 s - a +4 ring of slaying (right claw)
 y - a +6 ring of dexterity
 G - a ring of magical power
 J - a ring of protection from fire
 L - the ring "Zidif" (left claw) {rPois rF+ rN+ Dex+5}
   (You found it in a Gauntlet)

   [ring of positive energy]

   Dex:       It affects your dexterity (+5).
   rF:        It protects you from fire.
   rPois:     It protects you from poison.
   rN:        It protects you from negative energy.
 O - a +6 ring of intelligence
 S - the amulet of Soejeg {rN+ Regen+ Dex+2}
   (You found it on level 6 of the Lair of Beasts)

   [amulet of regeneration]

   Dex:       It affects your dexterity (+2).
   rN:        It protects you from negative energy.
   Regen:     It increases your rate of health regeneration.
 W - the ring "Hyteu" {rC+ rN+ Str-4 Int+6 Slay+3}
   (You bought it in a shop on level 2 of the Orcish Mines)

   [ring of positive energy]

   Str:       It affects your strength (-4).
   Int:       It affects your intelligence (+6).
   Slay:      It affects your accuracy & damage with ranged weapons and melee
   (+3).
   rC:        It protects you from cold.
   rN:        It protects you from negative energy.
Wands
 f - a wand of charming (7)
 u - a wand of flame (59)
 v - a wand of iceblast (60)
 F - a wand of mindburst (20)
 I - a wand of digging (6)
Scrolls
 a - 2 scrolls of blinking
 e - 4 scrolls of teleportation
 g - a scroll of acquirement
 i - 3 scrolls of enchant armour
 p - 5 scrolls of fear
 r - 3 scrolls of enchant weapon
 t - 3 scrolls of fog
 w - a scroll of summoning {unknown}
 C - 2 scrolls of magic mapping
 E - 2 scrolls of torment
 H - 2 scrolls of amnesia
 N - a scroll of vulnerability
 P - a scroll of silence {unknown}
 Q - 2 scrolls of immolation {unknown}
Potions
 c - 5 potions of curing
 h - 4 potions of flight
 j - 2 potions of berserk rage
 k - 6 potions of heal wounds
 o - 3 potions of mutation
 q - 4 potions of brilliance
 A - 2 potions of haste
 K - a potion of resistance
 M - a potion of attraction
 T - a potion of ambrosia
 U - 2 potions of might
 X - a potion of lignification
 Z - a potion of invisibility {unknown}
Miscellaneous
 R - a phantom mirror
 V - a condenser vane
 Y - a piece from Xom's chessboard (15/15)


   Skills:
 + Level 8.6 Fighting
 + Level 5.1 Throwing
 - Level 2.3 Armour
 - Level 1.9 Dodging
 - Level 13.0 Shields
 - Level 16.7 Unarmed Combat
 - Level 10.5 Invocations
 - Level 5.1 Evocations


You had 14 spell levels left.
You didn't know any spells.
Your spell library contained the following spells:

 Spells                   Type           Power      Damage    Failure   Level
 Animate Skeleton         Necr           0%         N/A       58%         1
 Apportation              Tloc           0%         N/A       58%         1
 Corona                   Hex            0%         N/A       58%         1
 Foxfire                  Conj/Fire      0%         2x1d4     58%         1
 Magic Dart               Conj           0%         1d3       58%         1
 Pain                     Necr           0%         1d4       58%         1
 Summon Small Mammal      Summ           0%         N/A       58%         1
 Call Imp                 Summ           0%         N/A       75%         2
 Corpse Rot               Necr/Air       N/A        N/A       75%         2
 Searing Ray              Conj           0%         3d3       75%         2
 Call Canine Familiar     Summ           0%         N/A       92%         3
 Conjure Flame            Conj/Fire      0%         6-21      92%         3
 Gell's Gravitas          Tloc           0%         N/A       92%         3
 Inner Flame              Hex/Fire       0%         N/A       92%         3
 Lesser Beckoning         Tloc           0%         N/A       92%         3
 Mephitic Cloud           Conj/Pois/Air  0%         N/A       92%         3
 Portal Projectile        Hex/Tloc       0%         N/A       92%         3
 Teleport Other           Tloc           0%         N/A       92%         3
 Animate Armour           Summ/Erth      0%         N/A       100%        4
 Fulminant Prism          Conj/Hex       0%         3d6       100%        4
 Leda's Liquefaction      Hex/Erth       0%         N/A       100%        4
 Blade Hands              Tmut           0%         N/A       100%        5
 Bolt of Magma            Conj/Fire/Erth 0%         4d4       100%        5
 Borgnjor's Vile Clutch   Necr/Erth      0%         N/A       100%        5
 Iskenderun's Battlesphe  Conj           0%         2d6       100%        5
 Iron Shot                Conj/Erth      0%         9d1       100%        6
 Simulacrum               Ice/Necr       0%         N/A       100%        6
 Spellforged Servitor     Conj/Summ      0%         N/A       100%        7
 Dragon's Call            Summ           0%         N/A       100%        9


Dungeon Overview and Level Annotations

Branches:
Dungeon (13/15)            Temple (0/1) D:6            Lair (6/6) D:8
 Shoals (0/4) Lair:4       Spider (3/4) Lair:2        Slime (0/5) Lair:5
    Orc (2/2) D:12            Elf (0/3) Orc:2       Volcano (visited)
Gauntlet (visited)
 Vaults: D:13-14

Altars:
Xom
Zin
Jiyva

Shops:
Orc:2 !*=*[

Annotations:
D:3 2 transporters, Icepheonix32's ghost, amateur DsTm
D:5 2 transporters, tizbic2's ghost, novice DsHu
D:9 3 runed translucent doors, 0gre's ghost, novice MiBe
Lair:2 exclusion: 3 oklob plants
Lair:5 1 runed translucent door
Abyss:1 Maurice; Snorg


Innate Abilities, Weirdness & Mutations

You are too large for most types of armour.
You have claws for hands.
Your natural rate of healing is unusually fast.
You are covered in fur. (AC +1)
You have tough skin. (AC +1)
You are partially covered in iridescent scales. (AC +2)
Your flesh is heat resistant. (rF+)


Message History

You are more confused.
The wolf spider hits you! The wolf spider bites you. The tarantella bites you!
The redback bites you. The hornet stings you.
The tarantella closely misses you. The wolf spider barely misses you.
The wolf spider bites you but does no damage.
The wolf spider hits you!
The wolf spider bites you but does no damage.
You climb upwards.
You feel very sick.
There is a stone staircase leading down, spattered with blood here.
Unknown command.
Unknown command.
You feel better. You block the tarantella's attack.
You block the redback's attack. The tarantella bites you.
You are confused.
The wolf spider hits you! The wolf spider bites you!
The wolf spider barely misses you. The wolf spider closely misses you.
The hornet closely misses you. The tarantella bites you. The redback bites you.
The wolf spider barely misses you. The wolf spider closely misses you.
The hornet stings you! The wolf spider hits you!
* * * LOW HITPOINT WARNING * * *
The wolf spider bites you.
* * * LOW HITPOINT WARNING * * *
The tarantella bites you!
* * * LOW HITPOINT WARNING * * *
Okay, then.
You feel better.
You feel yourself speed up. You block the tarantella's attack.
The redback closely misses you. You block the tarantella's attack.
The hornet closely misses you. The wolf spider hits you!
* * * LOW HITPOINT WARNING * * *
The wolf spider bites you.
* * * LOW HITPOINT WARNING * * *
You block the wolf spider's attack. The wolf spider bites you!
* * * LOW HITPOINT WARNING * * *
The tarantella bites you!
* * * LOW HITPOINT WARNING * * *
The redback bites you!
You die...

#^..#....##......#
#####†^.^#.....###
#...^##...#####
##...###..#.###
##..#..#.....#.##
#...##.##....#..###
#.#########....##.####
#########^#....ss.##.##
##.##.#.#...##.s@y.#..#
.#.^........##.s#s...##
.#(.......###..##.....###
.#..##.#...##..#...####.##
.....#############.##....#
.^######.#.##.^# #####..##
...#.#.#..^...######.#.^.#
..##......#..##.##.#...###
..###.....#...#.........#


You could see 2 wolf spiders, a hornet, 2 tarantellas and a redback.

Vanquished Creatures
  Kirke (Lair:5)
  An emperor scorpion (Spider:2)
  A very ugly thing (D:12)
  Nessos (Lair:6)
  A minotaur (Gauntlet)
  A boulder beetle (Spider:2)
  A catoblepas (Lair:6)
  8 death yaks
  5 orc high priests (Orc:2)
  A hell knight (Volcano)
  A salamander mystic (Volcano)
  A sixfirhy (Gauntlet)
  2 skeletal warriors (D:12)
  Pikel (D:6)
  A lindwurm (Lair:6)
  8 orc knights
  3 manticores
  11 wolf spiders
  9 orb spiders
  2 cyclopes (D:12)
  2 large abominations (Gauntlet)
  A moth of wrath (Spider:3)
  3 salamanders (Volcano)
  5 elephants
  7 black mambas
  15 cane toads
  3 torpor snails
  2 molten gargoyles (Volcano)
  A gargoyle (D:12)
  A kobold demonologist (D:9)
  7 komodo dragons
  3 rime drakes
  16 demonic crawlers
  2 hornets
  11 jumping spiders
  6 trolls
  5 polar bears (Lair:6)
  19 blink frogs
  2 dream sheep (Lair:6)
  2 shadows
  14 tarantellas
  4 wraiths
  34 redbacks
  48 yaks
  2 fire bats (Volcano)
  6 wyverns
  3 hogs
  2 steam dragons
  2 basilisks
  2 wargs
  24 water moccasins
  4 ice beasts
  37 orc warriors
  2 black bears (D:8)
  6 ogres
  6 wolves
  16 centaurs
  A kobold brigand (D:11)
  12 bullfrogs
  A gnoll sergeant (D:9)
  2 scorpions
  4 small abominations (Gauntlet)
  A wyvern skeleton (D:7)
  9 killer bees
  5 howler monkeys
  4 vampire bats (Lair:5)
  6 lava snakes (Volcano)
  2 centaur zombies
  2 jellies
  A hound (D:5)
  27 orc priests
  A bullfrog skeleton (D:5)
  A centaur skeleton (D:7)
  Terence (D:3)
  3 iguanas
  17 orc wizards
  A hound skeleton (D:4)
  5 gnolls (D:9)
  A howler monkey skeleton (D:7)
  9 adders
  2 shadow imps (D:6)
  2 white imps (D:8)
  5 ufetubi
  4 dart slugs
  77 orcs
  11 endoplasms
  5 giant cockroaches
  10 goblins
  8 hobgoblins
  12 jackals
  4 quokkas
  12 ball pythons
  7 bats
  7 frilled lizards
  15 kobolds
  4 rats
686 creatures vanquished.

Vanquished Creatures (others)
  55 fungi
  71 plants
126 creatures vanquished.

Grand Total: 812 creatures vanquished

Notes
Turn   | Place    | Note
-------+----------+-------------------------------------------
     0 | Abyss:1  | jjjjhere the Troll Abyssal Knight began the quest for the
                  | Orb.
     0 | Abyss:1  | Reached XP level 1. HP: 22/22 MP: 1/1
    93 | Abyss:1  | Noticed a small abomination
    95 | Abyss:1  | Noticed a small abomination
    97 | D:1      | Escaped the Abyss
   158 | D:1      | Reached * piety under Lugonu
   161 | D:1      | Reached XP level 2. HP: 25/29 MP: 2/2
   459 | D:1      | Reached skill level 3 in Unarmed Combat
   497 | D:1      | Found a faded altar of an unknown god.
   501 | D:1      | Reached XP level 3. HP: 36/36 MP: 3/3
  1013 | D:2      | Reached ** piety under Lugonu
  1437 | D:2      | Reached XP level 4. HP: 43/44 MP: 4/4
  1627 | D:3      | Noticed a bullfrog
  1720 | D:3      | Noticed Icepheonix32's ghost (amateur DsTm)
  1721 | D:3      | Found a transporter.
  1721 | D:3      | Found a transporter.
  1747 | D:3      | Found a shimmering altar of Xom.
  1887 | D:3      | Reached skill level 4 in Unarmed Combat
  2137 | D:3      | Noticed Terence
  2166 | D:3      | Killed Terence
  2536 | D:4      | Reached *** piety under Lugonu
  2582 | D:4      | Reached XP level 5. HP: 35/50 MP: 6/6
  2826 | D:4      | Reached skill level 1 in Shields
  2953 | D:4      | Identified the +7 chain mail of Diprupt {Str-5 Dex+4}
  2997 | D:4      | Noticed an ice beast
  3011 | D:4      | Killed an ice beast
  3012 | D:4      | Reached skill level 5 in Unarmed Combat
  3012 | D:4      | Reached XP level 6. HP: 41/59 MP: 7/7
  3052 | D:4      | Got the Papyrus of Snow and Darkness
  3431 | D:5      | Entered Level 5 of the Dungeon
  3510 | D:5      | Noticed tizbic2's ghost (novice DsHu)
  3512 | D:5      | Noticed a water moccasin
  3523 | D:5      | HP: 19/59 [water moccasin (8)]
  3524 | D:5      | Gained mutation: You are partially covered in iridescent
                  | scales. (AC +2) [potion of mutation]
  3524 | D:5      | Gained mutation: Your flesh is heat resistant. (rF+)
                  | [potion of mutation]
  3528 | D:5      | HP: 17/59 [water moccasin (4)]
  3533 | D:5      | HP: 14/59 [poisoned by a water moccasin]
  3657 | D:5      | Reached XP level 7. HP: 66/66 MP: 7/9
  3686 | D:5      | Identified the ring of Rifail {rF+ rCorr Str+2 Dex-5}
  3764 | D:5      | Reached skill level 6 in Unarmed Combat
  3845 | D:5      | Found a transporter.
  3849 | D:5      | Found a transporter.
  4064 | D:6      | You fall into a shaft and drop 2 floors!
  4093 | D:8      | Reached skill level 5 in Invocations
  4126 | D:8      | HP: 19/66 [water moccasin (5)]
  4130 | D:8      | Reached skill level 7 in Unarmed Combat
  4130 | D:8      | Reached XP level 8. HP: 19/74 MP: 9/11
  4131 | D:8      | HP: 20/74 [poisoned by a water moccasin]
  4235 | D:8      | Reached skill level 8 in Unarmed Combat
  4259 | D:8      | Noticed a centaur warrior
  4262 | D:8      | HP: 14/74 [centaur warrior/arrow (13)]
  4267 | D:8      | HP: 16/74 [centaur warrior (11)]
  4270 | D:8      | Banished a centaur warrior
  4271 | D:8      | Reached skill level 9 in Unarmed Combat
  4271 | D:8      | Reached XP level 9. HP: 41/80 MP: 4/13
  4736 | D:8      | Found a staircase to the Lair.
  4749 | D:8      | HP: 25/80 [wyvern (17)]
  4863 | D:7      | HP: 26/80 [killer bee (1)]
  5034 | D:6      | Reached **** piety under Lugonu
  5035 | D:6      | Reached skill level 10 in Unarmed Combat
  5218 | D:6      | Found a staircase to the Ecumenical Temple.
  5358 | D:6      | Identified a scroll of acquirement
  5762 | D:7      | Noticed Pikel
  5779 | D:7      | Reached XP level 10. HP: 88/88 MP: 14/14
  5807 | D:6      | Killed Pikel
  6186 | D:7      | Reached skill level 5 in Shields
  6424 | D:8      | Reached skill level 11 in Unarmed Combat
  6613 | D:9      | Noticed a two-headed ogre
  6615 | D:9      | Noticed 0gre's ghost (novice MiBe)
  6616 | D:9      | Found a runed translucent gate.
  6617 | D:9      | Found a runed translucent gate.
  6618 | D:9      | Found a runed translucent gate.
  6624 | D:9      | Noticed a tengu warrior
  6703 | D:9      | Reached ***** piety under Lugonu
  7012 | D:9      | Noticed an orange demon
  7019 | D:9      | Noticed an orange demon
  7199 | D:9      | Noticed a boulder beetle
  7203 | D:9      | Banished a boulder beetle
  7439 | D:9      | Noticed a two-headed ogre
  7452 | D:9      | Banished a two-headed ogre
  7453 | D:9      | Reached skill level 12 in Unarmed Combat
  7453 | D:9      | Reached XP level 11. HP: 64/94 MP: 10/15
  7566 | D:9      | Noticed a two-headed ogre
  7567 | D:9      | Banished a two-headed ogre
  7600 | D:10     | Entered Level 10 of the Dungeon
  7909 | D:10     | You fall into a shaft and drop 2 floors!
  7909 | D:12     | Noticed a red ugly thing
  7910 | D:12     | Banished a red ugly thing
  8288 | D:10     | Reached skill level 13 in Unarmed Combat
  9044 | Lair:1   | Entered Level 1 of the Lair of Beasts
  9111 | Lair:1   | Noticed a four-headed hydra
  9128 | Lair:1   | Banished a four-headed hydra
  9242 | Lair:1   | Reached XP level 12. HP: 104/104 MP: 16/16
  9245 | Lair:1   | Noticed a seven-headed hydra
  9248 | Lair:1   | Banished a seven-headed hydra
  9987 | Lair:2   | Reached skill level 14 in Unarmed Combat
 10163 | Lair:2   | HP: 32/104 [komodo dragon (26)]
 10292 | Lair:2   | Noticed a death yak
 10300 | Lair:2   | Found a glowing silver altar of Zin.
 10308 | Lair:2   | Noticed a death yak
 10384 | Lair:2   | Reached skill level 10 in Shields
 10410 | Lair:2   | Found a hole to the Spider Nest.
 10465 | Lair:1   | Killed a death yak
 10483 | Lair:2   | Killed a death yak
 11274 | Lair:3   | Noticed a boulder beetle
 11276 | Lair:3   | Banished a boulder beetle
 11928 | Lair:4   | Reached skill level 15 in Unarmed Combat
 11953 | Lair:4   | Found a staircase to the Shoals.
 11976 | Lair:4   | Noticed a boulder beetle
 11979 | Lair:4   | Banished a boulder beetle
 12014 | Lair:4   | Found a gate leading to a gauntlet.
 12026 | Gauntlet | Entered a Gauntlet
 12026 | Gauntlet | Found a transporter.
 12038 | Gauntlet | Found a transporter.
 12039 | Gauntlet | Found a transporter.
 12047 | Gauntlet | Found a transporter.
 12050 | Gauntlet | Found a transporter.
 12051 | Gauntlet | Found a transporter.
 12054 | Gauntlet | Noticed a reaper
 12062 | Gauntlet | Found a transporter.
 12063 | Gauntlet | Found a transporter.
 12063 | Gauntlet | Found a transporter.
 12071 | Gauntlet | Found a transporter.
 12074 | Gauntlet | Found a transporter.
 12075 | Gauntlet | Found a transporter.
 12083 | Gauntlet | Found a transporter.
 12084 | Gauntlet | Noticed a green death
 12121 | Gauntlet | Found a runed translucent door.
 12144 | Gauntlet | Found a transporter.
 12222 | Gauntlet | Reached XP level 13. HP: 88/110 MP: 17/17
 12241 | Gauntlet | Noticed a minotaur
 12249 | Gauntlet | Killed a minotaur
 12258 | Gauntlet | Identified the ring "Zidif" {rPois rF+ rN+ Dex+5}
 12287 | Lair:4   | Found a glowing silver altar of Zin.
 12325 | Lair:4   | Found a dark tunnel.
 12333 | Volcano  | Entered a volcano
 12508 | Volcano  | Found a burning altar of Makhleb.
 12536 | Volcano  | HP: 36/110 [salamander (14)]
 12841 | Lair:4   | Found a runed translucent door.
 13624 | Lair:5   | Reached skill level 16 in Unarmed Combat
 13757 | Lair:5   | Noticed Kirke
 14148 | Lair:5   | Killed Kirke
 14234 | Lair:5   | Found a runed translucent door.
 14234 | Lair:5   | Found a viscous altar of Jiyva.
 14234 | Lair:5   | Found a staircase to the Slime Pits.
 14602 | Lair:5   | Noticed Snorg
 14623 | Lair:5   | Banished Snorg
 14800 | Lair:6   | Entered Level 6 of the Lair of Beasts
 14981 | Lair:6   | Reached XP level 14. HP: 118/118 MP: 18/18
 15438 | Lair:6   | Noticed Nessos
 15449 | Lair:6   | Killed Nessos
 15651 | Lair:6   | Reached skill level 1 in Evocations
 16096 | Lair:6   | Identified the amulet of Soejeg {rN+ Regen+ Dex+2}
 16367 | D:12     | Noticed a green very ugly thing
 16382 | D:12     | Killed a green very ugly thing
 16383 | D:12     | Reached skill level 5 in Fighting
 16425 | D:12     | Noticed Maurice
 16432 | D:12     | Banished Maurice
 16752 | D:12     | Reached ****** piety under Lugonu
 16873 | D:12     | Found a staircase to the Orcish Mines.
 17307 | Orc:1    | Entered Level 1 of the Orcish Mines
 17477 | Orc:2    | Entered Level 2 of the Orcish Mines
 18309 | Orc:2    | Found Nuim's Distillery.
 18326 | Orc:2    | Bought a potion of might for 60 gold pieces
 18386 | Orc:2    | Found a staircase to the Elven Halls.
 18771 | Orc:2    | Reached skill level 1 in Armour
 18771 | Orc:2    | Reached XP level 15. HP: 112/136 MP: 21/21
 19051 | Orc:2    | Reached skill level 10 in Invocations
 19216 | Orc:2    | Found Nacuhas's Assorted Antiques.
 19219 | Orc:2    | Found Ximol's Antique Armour Shop.
 19220 | Orc:2    | Found Fuigait's Jewellery Shop.
 19221 | Orc:2    | Found Getaegg's Assorted Antiques.
 19237 | Orc:2    | Bought a condenser vane for 1160 gold pieces
 19242 | Orc:2    | Bought the ring "Hyteu" {rC+ rN+ Str-4 Int+6 Slay+3} for
                  | 711 gold pieces
 19552 | Spider:1 | Entered Level 1 of the Spider Nest
 20076 | Spider:1 | Reached skill level 1 in Throwing
 20782 | Spider:2 | Reached skill level 5 in Evocations
 21554 | Spider:2 | Got Sif Muna's Compendium of Supportive Earth
 21761 | Spider:2 | HP: 46/145 [wolf spider (7)]
 21929 | Spider:2 | Reached skill level 5 in Throwing
 21957 | Spider:2 | HP: 35/145 [wolf spider (13)]
 21958 | Spider:2 | HP: 10/145 [wolf spider (9)]
 21958 | Spider:2 | HP: 2/145 [tarantella (8)]
 21958 | Spider:2 | Slain by a redback

Illustrated notes

Levels and vault maps discovered:
D:1:      dpeg_arrival_rooms_a, layout_basic,
          ebering_ecumenical_altar_petrified, hangedman_abyss_or_decor_stabs,
          serial_bayou_ford_a
D:2:      minmay_evil_eye, layout_basic, hangedman_decor_clover_reticule
D:3:      layout_loops_corners, mainiacjoe_overflow_cross_hatched,
          gammafunk_ghost_arena, st_stairs_8, uniq_terence
D:4:      layout_basic
D:5:      layout_basic, gammafunk_ghost_hive, fountainhead
D:6:      layout_basic, minmay_temple_entry_drinking_statues
D:7:      layout_loops_ring, uniq_pikel
D:8:      layout_basic, due_lair_maze_entry_diamond, serial_glass,
          glass_columns_a, glass_columns_c, glass_columns_a, glass_columns_a,
          glass_columns_a, glass_columns_b, glass_columns_a, glass_columns_a
D:9:      kennysheep_spiral_hall, layout_irregular_city, gammafunk_ghost_split,
          grunt_ministairs_11
D:10:     layout_cave_pools
D:11:     layout_cave_pools
D:12:     layout_loops_ring, erik_orc_3, minmay_radiant, uniq_maurice
D:13:     layout_basic, erik_vaults_1, serial_co_window_serial,
          co_window_of_opportunity_a, co_window_paths_a, co_window_paths_b,
          co_window_cross_1, co_window_corner_a, co_window_corner_b,
          co_window_of_opportunity_b, co_window_paths_c, co_window_4corner_a,
          glass_columns_a, glass_columns_c, glass_columns_a, glass_columns_a,
          glass_columns_b, serial_shops, nicolae_shop_trees, uniq_urug
Lair:1:   layout_chaotic_city, lemuel_fruit_fields
Lair:2:   layout_regular_city, spider_nest_entry_web_field, basic_altar,
          infiniplex_staircase_pool_2, minmay_lair_oklob_chamber,
          serial_bayou_shore_b, grunt_megastairs_4
Lair:3:   layout_layer_cave, chequers_serial_rivers_micro_a, minivault_23,
          chequers_serial_rivers_micro_b
Lair:4:   layout_cave_pods, minmay_shoals_entry_centaurs,
          nicolae_volcano_entry_hallway, basic_altar, gauntlet_entry_generic,
          pf_torpor_hydra
Lair:5:   layout_cave_pods, slime_altar_2, eino_small_chamber_without_monster,
          roderic_batcave, grunt_megastairs_5, serial_bayou_shore_a, uniq_kirke,
          uniq_snorg
Lair:6:   hangedman_lair_in_review, layout_gridlike, cheibrodos_lair_lostbears,
          uniq_nessos
Spider:1: layout_spider_delve, nicolae_spider_orb_run
Spider:2: layout_spider_delve, nicolae_crawler_farm
Spider:3: layout_spider_delve, hellmonk_watch_for_rolling_rocks, uniq_donald,
          uniq_jorgrun
Orc:1:    layout_caves
Orc:2:    st_orc_pillars, layout_diamond_mine, serial_shops, nicolae_square_shop

Skill      XL: |  1  2  3  4  5  6  7  8  9 10 11 12 13 14 15 |
---------------+----------------------------------------------+-----
Invocations    | 2 3 4 5 7 9 10 | 10.5
Unarmed Combat | 3 4 5 7 9 10 12 13 15 16 | 16.7
Shields        | 1 4 7 9 11 12 13 | 13.0
Fighting       | 5 8 |  8.6
Evocations     | 3 5 |  5.1
Armour         | 1 2 |  2.3
Throwing       | 5 |  5.1
Dodging        | |  1.9

Action                   |  1- 3 |  4- 6 |  7- 9 | 10-12 | 13-15 || total
-------------------------+-------+-------+-------+-------+-------++-------
Melee: Unarmed           |   131 |   161 |   212 |   545 |  1303 ||  2352
       Punch             |       |     3 |     5 |     5 |       ||    13
Throw: Dart              |       |       |       |       |    43 ||    43
Invok: Depart the Abyss  |     1 |       |       |       |       ||     1
       Banish            |       |       |     6 |    15 |    26 ||    47
Evoke: Wand              |       |       |       |       |    13 ||    13
  Use: Potion            |       |     4 |     3 |       |     3 ||    10
       Scroll            |       |     2 |     5 |     6 |     8 ||    21
 Stab: Sleeping          |       |       |       |     1 |       ||     1
       Distracted        |       |       |       |       |     1 ||     1
Armor: Robe              |    46 |    29 |    57 |    22 |       ||   154
       Steam dragon scal |       |       |       |    60 |       ||    60
       Troll leather arm |       |       |       |    85 |   283 ||   368
Dodge: Dodged            |    65 |    81 |   104 |   143 |   288 ||   681
Block: Tower shield      |       |       |       |   476 |  1257 ||  1733
